 Dungeon Crawl Stone Soup version 0.24.0-37-gcf1ca852f1 (webtiles) character file.

Game seed: 10509201887565901001, levelgen mode: deterministic

205566 CaffeineInMyVeins the Warrior (level 19, -1/155 HPs)
             Began as a Human Conjurer on Nov 30, 2019.
             Was a High Priest of Vehumet.
             Splashed by a deep elf sorcerer's acid (10 damage)
             ... on level 3 of the Elven Halls on Dec 1, 2019.
             The game lasted 02:09:05 (56122 turns).

CaffeineInMyVeins the Warrior (Human Conjurer)     Turns: 56122, Time: 02:09:05

Health: -1/155     AC: 10    Str:  8    XL:     19   Next: 40%
Magic:  0/46       EV: 12    Int: 30    God:    Vehumet [*****.]
Gold:   2263       SH: 12    Dex: 15    Spells: 3/46 levels left

rFire    + + +     SeeInvis .   w - +0 war axe of Governance {chop, rElec rC++ MP+9}
rCold    + + +     Gourm    .   I - +0 shield {rF+}
rNeg     . . .     Faith    .   A - +2 robe {MR+}
rPois    +         Spirit   +   L - +1 helmet {Int+3}
rElec    +         Reflect  .   u - +0 cloak
rCorr    .         Harm     .   z - +1 pair of gloves "Fawikhio" {rF+ Dex+3}
MR       ++++.                  n - +1 pair of boots
Stlth    ++........             k - amulet "Ampeery" {Spirit rElec rF+ rC+ MR+}
HPRegen  0.35/turn              a - ring of protection from magic
MPRegen  0.30/turn              M - +3 ring of protection

@: brilliant, corroded, very slightly contaminated, invisible
A: hooves 1, blurry vision 1, clumsy 1, poison resistance, weak 1
}: 1/15 runes: serpentine
a: Renounce Religion


You were on level 3 of the Elven Halls.
You worshipped Vehumet.
Vehumet was extremely pleased with you.
You were hungry.

You visited 6 branches of the dungeon, and saw 31 of its levels.
You also visited: Bailey, Gauntlet, Ice Cave and Desolation.

You collected 3517 gold pieces.
You spent 1254 gold pieces at shops.

Inventory:

Hand Weapons
 w - the +0 war axe of Governance (weapon) {chop, rElec rC++ MP+9}
   (You found it on level 4 of the Dungeon)

   It inflicts extra damage upon your enemies.
   It greatly protects you from cold.
   It insulates you from electricity.
   It affects your magic capacity (+9).
Armour
 n - a +1 pair of boots (worn)
 u - a +0 cloak (worn)
 z - the +1 pair of gloves "Fawikhio" (worn) {rF+ Dex+3}
   (You found it in a Gauntlet)

   It affects your dexterity (+3).
   It protects you from fire.
 A - a +2 robe of magic resistance (worn)
 I - a +0 shield of fire resistance (worn)
 L - a +1 helmet of intelligence (worn)
Jewellery
 a - a ring of protection from magic (left hand)
 k - the amulet "Ampeery" (around neck) {Spirit rElec rF+ rC+ MR+}
   (You bought it in a shop on level 2 of the Orcish Mines)

   [amulet of guardian spirit]

   It causes incoming damage to be split between your health and magic.
   It protects you from fire.
   It protects you from cold.
   It insulates you from electricity.
   It affects your resistance to hostile enchantments.
 y - an uncursed ring of protection from cold
 K - a +2 ring of protection
 M - a +3 ring of protection (right hand)
 O - an uncursed ring of see invisible
 X - an uncursed amulet of regeneration
Wands
 e - a wand of flame (36)
 r - a wand of iceblast (50)
 C - a wand of paralysis (9)
 V - a wand of digging (9)
 Z - a wand of random effects (7)
Scrolls
 g - a scroll of silence
 h - 3 scrolls of enchant weapon
 i - 3 scrolls of identify
 l - 2 scrolls of acquirement {unknown}
 m - 16 scrolls of teleportation
 o - a scroll of vulnerability
 q - 14 scrolls of remove curse
 s - 2 scrolls of fog
 B - 2 scrolls of enchant armour
 E - 6 scrolls of immolation
 G - 2 scrolls of fear
 H - 4 scrolls of amnesia
 P - a scroll of summoning {unknown}
Potions
 d - 2 potions of resistance
 f - 2 potions of brilliance
 j - 3 potions of agility
 p - 5 potions of cancellation
 t - a potion of might
 D - 3 potions of flight
 J - a potion of ambrosia
 Q - 4 potions of mutation
Miscellaneous
 F - 2 phantom mirrors
 T - a lightning rod (4/4)
Comestibles
 c - 15 rations


   Skills:
 + Level 15.2 Fighting
 - Level 2.0 Dodging
 - Level 2.0 Stealth
 * Level 14.4 Shields
 + Level 14.3 Spellcasting
 * Level 14.3 Conjurations
 - Level 4.2 Charms
 - Level 6.0 Summonings
 - Level 4.2 Necromancy
 - Level 6.0 Ice Magic
 + Level 8.1 Air Magic


You had 3 spell levels left.
You knew the following spells:

 Your Spells              Type           Power        Failure   Level  Hunger
a - Chain Lightning       Conj/Air       #######...   16%         8    ######.
b - Orb of Destruction    Conj           #######...   1%          7    #####..
c - Sticky Flame          Conj/Fire      ######..     1%          4    None
d - Iskenderun's Mystic   Conj           #######.     1%          4    None
e - Summon Lightning Spi  Summ/Air       ######..     1%          4    None
f - Freezing Cloud        Conj/Ice/Air   #######...   1%          6    ###....
g - Regeneration          Chrm/Necr      ######....   1%          3    None
h - Iron Shot             Conj/Erth      ######....   2%          6    ###....
i - Magic Dart            Conj           ####         0%          1    None

Your spell library contained the following spells:

 Spells                   Type           Power        Failure   Level  Hunger
 Glaciate                 Conj/Ice       #######...   94%         9    #######
 Tornado                  Air            ######....   99%         9    #######
 Shock                    Conj/Air       ####         0%          1    None
 Searing Ray              Conj           ######       0%          2    None
 Animate Skeleton         Necr           N/A          1%          1    None
 Beastly Appendage        Tmut           #####.       1%          1    None
 Infusion                 Chrm           ####         1%          1    None
 Pain                     Necr           ####         1%          1    None
 Sandblast                Erth           #####.       1%          1    None
 Sting                    Conj/Pois      ####         1%          1    None
 Summon Small Mammal      Summ           ####         1%          1    None
 Call Imp                 Summ           ######..     1%          2    None
 Corpse Rot               Necr           N/A          1%          2    None
 Passwall                 Tmut/Erth      #####...     1%          2    None
 Poisonous Vapours        Pois/Air       ######       1%          2    None
 Shroud of Golubria       Chrm/Tloc      ######       1%          2    None
 Song of Slaying          Chrm           ######..     1%          2    None
 Sticks to Snakes         Tmut           #####...     1%          2    None
 Swiftness                Chrm/Air       ######..     1%          2    None
 Call Canine Familiar     Summ           ######..     1%          3    None
 Dazzling Spray           Conj/Hex       ######       1%          3    None
 Mephitic Cloud           Conj/Pois/Air  ######..     1%          3    None
 Spectral Weapon          Hex/Chrm       ######..     1%          3    None
 Spider Form              Tmut/Pois      #####.....   1%          3    None
 Static Discharge         Conj/Air       #######.     1%          3    None
 Stone Arrow              Conj/Erth      ######       1%          3    None
 Summon Guardian Golem    Hex/Summ       ######..     1%          3    None
 Airstrike                Air            ######....   1%          4    None
 Force Lance              Conj/Tloc      ######..     1%          4    None
 Fulminant Prism          Conj/Hex       ######....   1%          4    None
 Ice Form                 Ice/Tmut       ######..     1%          4    None
 Summon Ice Beast         Ice/Summ       ######..     1%          4    None
 Bolt of Draining         Conj/Necr      #######...   1%          5    None
 Lightning Bolt           Conj/Air       #######...   1%          5    None
 Venom Bolt               Conj/Pois      ######....   1%          5    None
 Olgreb's Toxic Radiance  Pois           #####...     3%          4    None
 Passage of Golubria      Tloc           N/A          3%          4    None
 Petrify                  Tmut/Erth      #####...     3%          4    None
 Borgnjor's Vile Clutch   Necr/Erth      ######....   3%          5    None
 Blade Hands              Tmut           #####.....   8%          5    None
 Lee's Rapid Deconstruct  Erth           #####.....   8%          5    None
 Darkness                 Hex            #####.....   34%         6    ###....
 Invisibility             Hex            #####...     34%         6    ###....


Dungeon Overview and Level Annotations

Branches:
Dungeon (15/15)            Temple (1/1) D:4            Lair (6/6) D:11
  Swamp (0/4) Lair:4        Snake (4/4) Lair:4        Slime (0/5) Lair:6
    Orc (2/2) D:9             Elf (3/3) Orc:2        Vaults (0/5) D:14
 Depths (0/5) D:15         Bailey (visited)           IceCv (visited)
Desolation (visited)      Gauntlet (visited)

Altars:
Ashenzari
Cheibriados
Dithmenos
Elyvilon
Fedhas
Gozag
Hepliaklqana
Kikubaaqudgha
Makhleb
Nemelex Xobeh
Okawaru
Qazlal
Ru
Sif Muna
Trog
Uskayaw
Vehumet
Wu Jian
Xom
Yredelemnul
Zin
The Shining One
Jiyva

Shops:
D:8 =   Orc:2 (*=[}   Elf:2 [[[((   Snake:2 *

Annotations:
D:4 Eustachio
D:7 Harold
D:11 1 runed translucent door, scherben's ghost, novice TeAE
D:12 exclusion: door
Lair:1 1 runed translucent door, exclusion: oklob plant, Wuochyse's ghost, journeyman DEWz
Lair:3 1 runed translucent door, P0WERM0DE's ghost, journeyman DDFi
Lair:6 1 runed translucent door
Orc:2 2 transporters, P0WERM0DE's ghost, journeyman MiFi
Elf:2 3 runed translucent doors
Elf:3 1 exclusion


Innate Abilities, Weirdness & Mutations

You have large cloven feet.
Scrolls take you a little longer to read.
You are clumsy. (Dex -2)
Your system is resistant to poisons. (rPois)
You are weak. (Str -2)


Message History

Aiming: Iron Shot (safe; 2% risk of failure)
Press: ? - help, Shift-Dir - straight line, f/p - deep elf sorcerer
Aim: a deep elf sorcerer, wielding a +0 dagger (moderately wounded)
The iron shot misses the deep elf sorcerer.
You are feeling hungry.
The deep elf sorcerer wildly gestures.
The deep elf sorcerer shimmers violently.
The deep elf sorcerer casts a spell at you.
The bolt of acid misses you.
Casting: Iron Shot (safe; 2% risk of failure)
Confirm with . or Enter, or press ? or * to list all spells.
Aiming: Iron Shot (safe; 2% risk of failure)
Press: ? - help, Shift-Dir - straight line, f/p - deep elf sorcerer
Aim: a deep elf sorcerer, wielding a +0 dagger (moderately wounded)
The iron shot misses the deep elf sorcerer.
The deep elf sorcerer casts a spell at you.
The bolt of acid hits you!
* * * LOW HITPOINT WARNING * * *
The acid corrodes you!
You are splashed with acid!
You die...

###### #.@e.#
#......#
#........#
#..........#
.............#
...............
...............
...............


You could see a deep elf sorcerer.

Vanquished Creatures
  Jorgrun (Orc:2)
  Gastronok (D:12)
  6 nagarajas (Snake:4)
  A deep elf sorcerer (Elf:2)
  2 deep elf elementalists
  A minotaur (Gauntlet)
  2 deep elf annihilators
  Azrael (Orc:2)
  A ragged hierophant (Desolation)
  2 deep elf death magi
  Erolcha (D:11)
  4 hydras
  A rakshasa (D:15)
  9 naga warriors
  Fannar (D:12)
  A centaur warrior (D:14)
  A peacekeeper (Desolation)
  7 anacondas
  3 two-headed ogres
  22 dancing weapons
  2 tengu warriors (D:13)
  13 naga sharpshooters
  5 shock serpents
  5 orc high priests (Orc:2)
  A wretched star (Gauntlet)
  7 deep elf knights
  A fire crab (shapeshifter) (D:15)
  2 unseen horrors (D:11)
  4 naga ritualists
  A lindwurm (Lair:4)
  A glowing orange brain (D:15)
  3 wizards (D:14)
  4 deep elf archers
  8 orc knights
  Pikel (D:3)
  34 deep elf magi
  A necromancer (Elf:1)
  2 cyclopes
  An ugly thing (D:15)
  5 mana vipers
  3 oklob plants
  4 salamanders
  A manticore (D:15)
  Joseph (D:7)
  10 naga magi
  2 guardian serpents (Snake:4)
  2 ice statues (IceCv)
  25 black mambas
  19 spiny frogs
  A torpor snail (Lair:4)
  A yaktaur (D:15)
  A komodo dragon (shapeshifter) (D:15)
  4 rime drakes
  7 komodo dragons
  A tengu conjurer (D:15)
  10 trolls
  A polar bear (Lair:3)
  10 saltlings
  A hornet (D:12)
  4 slime creatures
  22 blink frogs
  4 tyrant leeches (Lair:6)
  4 dream sheep (Lair:3)
  12 hippogriffs
  A harpy skeleton (D:15)
  Grinder (D:5)
  A spriggan (D:9)
  Sigmund (D:5)
  2 air elementals
  2 vampires
  8 fire elementals
  26 yaks
  2 wyverns
  3 basilisks
  5 vampire mosquitoes
  A steam dragon (D:12)
  2 hungry ghosts
  A neqoxec (Gauntlet)
  Edmund (D:2)
  56 nagas
  A warg (Orc:1)
  6 insubstantial wisps (Lair:4)
  2 acid dragons
  10 water moccasins
  Duvessa (D:6)
  4 hell hounds
  3 large abominations (Elf:1)
  3 sky beasts
  5 porcupines
  An ice beast (shapeshifter) (D:14)
  2 necrophages
  A swamp drake (D:9)
  A black bear (D:10)
  31 orc warriors
  17 ice beasts
  3 slaves
  An eye of draining (D:12)
  A phantom (D:8)
  9 ogres
  7 wolves
  7 centaurs
  7 crocodiles
  An elf zombie (Elf:1)
  28 bullfrogs
  A big kobold (D:11)
  3 wyvern zombies
  Dowan (D:6)
  2 earth elementals
  A water moccasin skeleton (D:4)
  A wyvern skeleton (D:12)
  4 scorpions
  3 killer bees (D:9)
  A vampire bat (Lair:4)
  An electric eel (Lair:2)
  4 howler monkeys
  8 crimson imps
  A centaur zombie (D:6)
  2 quasits
  3 bullfrog zombies
  2 jellies
  33 orc priests
  5 centaur skeletons
  6 hounds
  2 bullfrog skeletons
  6 iguanas
  Ijyb (D:4)
  15 orc wizards
  11 worker ants
  2 killer bee zombies
  3 hound skeletons
  2 worker ant zombies
  8 gnolls
  A howler monkey skeleton (D:5)
  12 adders
  4 shadow imps
  2 adder skeletons (D:5)
  An adder zombie (D:5)
  A worm (D:2)
  2 leopard geckos
  99 orcs
  3 ball pythons
  16 bats
  7 giant cockroaches
  9 goblins
  7 hobgoblins
  19 jackals
  2 quokkas
  9 frilled lizards
  A giant cockroach zombie (D:5)
  A jackal skeleton (D:4)
  21 kobolds
  2 leopard gecko skeletons
  A quokka skeleton (D:4)
  5 quokka zombies (D:5)
  4 rats
  3 fungi
  3 plants
951 creatures vanquished.

Vanquished Creatures (collateral kills)
  Aizul (Snake:1)
  An orc warlord (Bailey)
  2 ice dragons (IceCv)
  An anaconda (Snake:2)
  A death scarab (Gauntlet)
  A death drake (shapeshifter) (D:15)
  An ugly thing (D:12)
  2 black mambas
  A large abomination (Elf:1)
  A guardian serpent (Desolation)
  A centaur skeleton (D:14)
  A gargoyle (D:14)
  4 spiny frogs
  A centaur zombie (D:11)
  A hornet (D:10)
  A tyrant leech (Lair:6)
  2 hippogriffs
  4 blink frogs
  2 saltlings (Elf:1)
  2 slime creatures
  A wraith (D:11)
  3 vampire mosquitoes
  8 yaks
  A naga (Lair:4)
  A water moccasin (Lair:2)
  3 orc warriors
  4 ice beasts (IceCv)
  An ogre (Orc:2)
  2 wolves (Lair:2)
  2 crocodiles
  2 jellies
  2 orc priests
  A worker ant (D:11)
  3 orc wizards
  A hound skeleton (D:7)
  An adder (D:12)
  A leopard gecko (D:10)
  13 orcs
  A hobgoblin (Bailey)
  6 kobolds
  A fungus (Lair:6)
89 creatures vanquished.

Vanquished Creatures (others)
  2 deep elf magi
  11 ball lightnings
  A water elemental (Elf:3)
  A hornet zombie (D:14)
  14 fungi
  46 plants
75 creatures vanquished.

Grand Total: 1115 creatures vanquished

Notes
Turn   | Place    | Note
-------+----------+-------------------------------------------
     0 | D:1      | CaffeineInMyVeins the Human Conjurer began the quest for
                  | the Orb.
     0 | D:1      | Reached XP level 1. HP: 13/13 MP: 3/3
   302 | D:1      | Reached XP level 2. HP: 14/20 MP: 0/5
  1016 | D:1      | Reached XP level 3. HP: 25/25 MP: 0/6
  1036 | D:1      | Reached skill level 1 in Fighting
  1217 | D:1      | Learned a level 3 spell: Dazzling Spray
  1573 | D:2      | Reached XP level 4. HP: 32/32 MP: 0/7
  1582 | D:2      | Learned a level 4 spell: Iskenderun's Mystic Blast
  2593 | D:3      | Reached skill level 5 in Conjurations
  2609 | D:2      | Reached XP level 5. HP: 23/38 MP: 0/9
  2885 | D:3      | Reached skill level 2 in Fighting
  3652 | D:4      | Noticed Edmund
  3797 | D:4      | Noticed Eustachio
  3987 | D:4      | Found a staircase to the Ecumenical Temple.
  3993 | D:4      | Got a bone war axe
  4005 | Temple   | Entered the Ecumenical Temple
  4006 | Temple   | Identified the cursed +0 war axe of Governance {chop, rElec
                  | rC++ MP+9} (You found it on level 4 of the Dungeon)
  4275 | Temple   | Became a worshipper of Vehumet
  4345 | D:4      | Reached XP level 6. HP: 41/45 MP: 4/10
  4476 | D:4      | Noticed an ogre
  4488 | D:3      | Killed an ogre
  4723 | D:4      | Noticed a slave
  4728 | D:4      | Noticed a slave
  4729 | D:4      | Noticed Pikel
  4735 | D:3      | Killed a slave
  4836 | D:4      | Noticed a slave
  5125 | D:4      | Reached skill level 3 in Fighting
  5125 | D:4      | Reached XP level 7. HP: 52/52 MP: 11/12
  5486 | D:2      | Gained mutation: Your spells are a little easier to cast,
                  | but a little less powerful. [potion of mutation]
  5486 | D:2      | Gained mutation: You have a pair of small antennae on your
                  | head. [potion of mutation]
  5491 | D:2      | Killed Edmund
  5945 | D:3      | Killed Pikel
  5945 | D:3      | Reached skill level 4 in Fighting
  5945 | D:3      | Reached XP level 8. HP: 52/60 MP: 11/14
  6883 | D:4      | Reached * piety under Vehumet
  6883 | D:4      | Offered knowledge of Sandblast by Vehumet.
  6888 | D:4      | Noticed Ijyb
  7099 | D:4      | Killed Ijyb
  7099 | D:4      | Reached skill level 5 in Spellcasting
  7356 | D:5      | Entered Level 5 of the Dungeon
  7570 | D:5      | Reached skill level 5 in Fighting
  7570 | D:5      | Reached XP level 9. HP: 54/68 MP: 16/16
  7724 | D:5      | Noticed Grinder
  7731 | D:5      | Killed Grinder
  8304 | D:5      | Noticed Sigmund
  8311 | D:5      | Killed Sigmund
  9015 | D:6      | Reached skill level 6 in Fighting
  9240 | D:6      | Offered knowledge of Throw Flame by Vehumet.
  9242 | D:6      | Reached ** piety under Vehumet
  9719 | D:6      | Learned a level 4 spell: Summon Lightning Spire
 10110 | D:6      | Noticed Duvessa
 10110 | D:6      | Noticed Dowan
 10336 | D:6      | Killed Duvessa
 10336 | D:6      | Reached skill level 1 in Summonings
 10336 | D:6      | Reached skill level 1 in Air Magic
 10336 | D:6      | Killed Dowan
 10336 | D:6      | Reached XP level 10. HP: 77/77 MP: 19/19
 10608 | D:6      | Found a burning altar of Makhleb.
 11278 | D:7      | Lost mutation: You have a pair of small antennae on your
                  | head. [potion of mutation]
 11278 | D:7      | Lost mutation: Your spells are a little easier to cast, but
                  | a little less powerful. [potion of mutation]
 11278 | D:7      | Gained mutation: Your system is resistant to poisons.
                  | (rPois) [potion of mutation]
 11278 | D:7      | Gained mutation: You are clumsy. (Dex -2) [potion of
                  | mutation]
 11278 | D:7      | Gained mutation: You are weak. (Str -2) [potion of
                  | mutation]
 11278 | D:7      | Gained mutation: You have large cloven feet. [potion of
                  | mutation]
 11625 | D:7      | Offered knowledge of Inner Flame by Vehumet.
 11694 | D:7      | Reached skill level 7 in Fighting
 11912 | D:7      | Noticed Joseph
 11968 | D:7      | Killed Joseph
 12320 | D:7      | Noticed Harold
 12346 | D:7      | Found a blossoming altar of Fedhas.
 12347 | D:7      | Found a hazy altar of Hepliaklqana.
 12349 | D:7      | Found a sacrificial altar of Ru.
 12351 | D:7      | Found a shattered altar of Ashenzari.
 12351 | D:7      | Found a glowing silver altar of Zin.
 12485 | D:8      | Found Oqilynn's Jewellery Emporium.
 12615 | D:8      | Reached *** piety under Vehumet
 13442 | D:8      | Found a glowing golden altar of the Shining One.
 13535 | D:8      | Found a shimmering blue altar of Sif Muna.
 13830 | D:9      | Offered knowledge of Ignite Poison by Vehumet.
 13852 | D:9      | HP: 4/118 [poisoned by an orc wizard]
 13884 | D:9      | HP: 5/118 [poisoned by an orc wizard]
 13892 | D:9      | HP: 3/79 [poisoned by an orc wizard]
 14307 | D:9      | Reached XP level 11. HP: 84/84 MP: 5/21
 14400 | D:9      | Found a staircase to the Orcish Mines.
 14565 | D:9      | Reached skill level 5 in Summonings
 14565 | D:9      | Reached skill level 5 in Air Magic
 15023 | D:9      | Reached skill level 10 in Conjurations
 15024 | D:9      | Noticed a two-headed ogre
 15037 | D:9      | Killed a two-headed ogre
 15470 | D:10     | Entered Level 10 of the Dungeon
 15882 | D:10     | Noticed a two-headed ogre
 15891 | D:10     | Reached **** piety under Vehumet
 15902 | D:10     | Killed a two-headed ogre
 15902 | D:10     | Reached skill level 8 in Fighting
 16136 | D:10     | Offered knowledge of Sticky Flame by Vehumet.
 16159 | D:10     | Learned a level 4 spell: Sticky Flame
 17035 | D:11     | Found a runed translucent door.
 17035 | D:11     | Noticed scherben's ghost (novice TeAE)
 17158 | D:11     | Found a staircase to the Lair.
 17565 | D:11     | Killed an unseen horror
 17565 | D:11     | Reached skill level 9 in Fighting
 17634 | D:11     | You fall into a shaft and drop 1 floor!
 17634 | D:12     | Found an ancient bone altar of Kikubaaqudgha.
 17806 | D:12     | Reached XP level 12. HP: 51/95 MP: 10/24
 18052 | D:12     | Reached ***** piety under Vehumet
 18209 | D:12     | Noticed Gastronok
 18271 | D:12     | Offered knowledge of Freezing Cloud by Vehumet.
 18279 | D:12     | Learned a level 6 spell: Freezing Cloud
 18344 | D:12     | Reached skill level 1 in Ice Magic
 18649 | D:12     | Killed Gastronok
 18649 | D:12     | Reached skill level 10 in Fighting
 18833 | D:12     | Noticed Fannar
 18840 | D:12     | Killed Fannar
 19253 | D:11     | Noticed Erolcha
 19263 | D:11     | Killed Erolcha
 19401 | D:11     | Noticed an unseen horror
 19403 | D:11     | Killed an unseen horror
 19659 | D:12     | Reached skill level 10 in Spellcasting
 20270 | D:13     | Noticed a tengu warrior
 20554 | Lair:1   | Entered Level 1 of the Lair of Beasts
 20919 | D:11     | Reached XP level 13. HP: 68/105 MP: 27/27
 20922 | D:11     | Reached skill level 5 in Ice Magic
 21399 | Lair:1   | Found an ornate altar of the Wu Jian Council.
 21490 | Lair:1   | Found a runed translucent door.
 21491 | Lair:1   | Noticed Wuochyse's ghost (journeyman DEWz)
 22096 | Lair:2   | Reached skill level 11 in Fighting
 22380 | Lair:2   | Noticed a five-headed hydra
 22824 | Lair:2   | Killed a five-headed hydra
 24258 | Lair:3   | Reached skill level 1 in Shields
 24838 | Lair:3   | Found a runed translucent door.
 24839 | Lair:3   | Found a shimmering altar of Xom.
 24839 | Lair:3   | Noticed P0WERM0DE's ghost (journeyman DDFi)
 24887 | Lair:3   | Noticed an eight-headed hydra
 24890 | Lair:3   | Killed an eight-headed hydra
 26167 | Lair:4   | Found a staircase to the Swamp.
 26265 | Lair:4   | Found a staircase to the Snake Pit.
 27490 | Lair:5   | Got a tattered robe
 27491 | Lair:5   | Identified the +2 robe of Dramatic Exits {+Blink rPois
                  | Str-3 Slay-5} (You found it on level 5 of the Lair of
                  | Beasts)
 27768 | Lair:5   | Reached XP level 14. HP: 114/114 MP: 14/29
 27871 | Lair:5   | Learned a level 3 spell: Regeneration
 27997 | Lair:5   | Offered knowledge of Bolt of Cold by Vehumet.
 28240 | Lair:5   | Reached skill level 1 in Charms
 28240 | Lair:5   | Reached skill level 1 in Necromancy
 28767 | Lair:6   | Entered Level 6 of the Lair of Beasts
 29001 | Lair:6   | Found a runed translucent door.
 29001 | Lair:6   | Found a viscous altar of Jiyva.
 29002 | Lair:6   | Found a staircase to the Slime Pits.
 29002 | Lair:6   | Noticed an acid blob
 29010 | Lair:6   | Reached skill level 12 in Fighting
 30401 | Lair:5   | Offered knowledge of Ozocubu's Refrigeration by Vehumet.
 31882 | Orc:1    | Entered Level 1 of the Orcish Mines
 32064 | Orc:2    | Entered Level 2 of the Orcish Mines
 32121 | Orc:2    | Noticed Jorgrun
 32126 | Orc:2    | Killed Jorgrun
 32156 | Orc:2    | Found a gate leading to a gauntlet.
 32165 | Orc:2    | Found a staircase to the Elven Halls.
 32309 | Orc:2    | Noticed Azrael
 32316 | Gauntlet | Entered a Gauntlet
 32316 | Gauntlet | Found a transporter.
 32316 | Gauntlet | Found a transporter.
 32316 | Gauntlet | Found a transporter.
 32438 | Gauntlet | Found a transporter.
 32448 | Gauntlet | Found a transporter.
 32463 | Gauntlet | Found a transporter.
 32475 | Gauntlet | Found a transporter.
 32488 | Gauntlet | Found a transporter.
 32494 | Gauntlet | Found a transporter.
 32508 | Gauntlet | Found a transporter.
 32526 | Gauntlet | Found a transporter.
 32530 | Gauntlet | Found a transporter.
 32700 | Gauntlet | HP: 1/116 [spectral death yak (14)]
 32877 | Gauntlet | Gained mutation: Scrolls take you a little longer to read.
                  | [a neqoxec]
 32973 | Gauntlet | Got a pair of shimmering gloves
 32985 | Gauntlet | Identified the +1 pair of gloves "Fawikhio" {rF+ Dex+3}
                  | (You found it in a Gauntlet)
 33014 | Gauntlet | Noticed a minotaur
 33020 | Gauntlet | Killed a minotaur
 33481 | D:13     | Reached XP level 15. HP: 122/122 MP: 9/27
 33867 | D:13     | You fall into a shaft and drop 2 floors!
 33867 | D:15     | Entered Level 15 of the Dungeon
 33921 | D:15     | Found a white marble altar of Elyvilon.
 33928 | D:15     | Found a frozen archway.
 33936 | IceCv    | Entered an ice cave
 33946 | IceCv    | Reached skill level 13 in Fighting
 34387 | IceCv    | Reached skill level 5 in Shields
 34547 | IceCv    | Got a shimmering emerald amulet
 34765 | D:15     | Identified the amulet of Ephemeral Luck {Acrobat *Drain
                  | Str+4 Int+3} (You found it in an ice cave)
 35228 | D:14     | Found a flagged portal.
 35313 | Bailey   | Entered a bailey
 35341 | Bailey   | Noticed an orc warlord
 35463 | Bailey   | Offered knowledge of Conjure Ball Lightning by Vehumet.
 35510 | Bailey   | Found a runed translucent gate.
 35511 | Bailey   | Found a runed translucent gate.
 35512 | Bailey   | Found a runed translucent gate.
 35705 | Bailey   | Killed an orc warlord
 35807 | Bailey   | Reached XP level 16. HP: 131/131 MP: 32/32
 36192 | D:14     | Learned a level 6 spell: Conjure Ball Lightning
 36712 | D:14     | Found a gate to the Vaults.
 37542 | D:15     | Found an iron altar of Okawaru.
 37752 | D:15     | Found a staircase to the Depths.
 38332 | Snake:1  | Entered Level 1 of the Snake Pit
 38685 | Snake:1  | Noticed Aizul
 38700 | Snake:1  | Killed Aizul
 40226 | Snake:2  | Found Keoll's Assorted Antiques.
 40257 | Snake:2  | Reached skill level 10 in Shields
 41405 | Snake:3  | Offered knowledge of Iron Shot by Vehumet.
 41405 | Snake:3  | Reached XP level 17. HP: 106/137 MP: 24/33
 41424 | Snake:2  | Learned a level 6 spell: Iron Shot
 43199 | Snake:4  | Entered Level 4 of the Snake Pit
 44308 | Snake:4  | Reached skill level 14 in Fighting
 46977 | Snake:4  | Reached XP level 18. HP: 146/146 MP: 19/35
 47213 | Snake:4  | Offered knowledge of Orb of Destruction by Vehumet.
 47240 | Snake:4  | Learned a level 7 spell: Orb of Destruction
 47540 | Snake:4  | Got a serpentine rune of Zot
 47969 | Orc:2    | Found Qaisen's Gadget Boutique.
 47976 | Orc:2    | Killed Azrael
 48071 | Orc:2    | Noticed P0WERM0DE's ghost (journeyman MiFi)
 48071 | Orc:2    | Identified the +7 dire flail "Suawe" {protect, *Rage MR+++
                  | Int-5 Stlth+}
 48073 | Orc:2    | Found a transporter.
 48077 | Orc:2    | Found a transporter.
 48986 | Orc:2    | Reached ****** piety under Vehumet
 49568 | Orc:2    | Found Kicekoer's Jewellery Emporium.
 49571 | Orc:2    | Found Joireg's Assorted Antiques.
 49572 | Orc:2    | Found Ireduc's Armour Emporium.
 49573 | Orc:2    | Found Noasikh's Antique Weapon Emporium.
 49760 | Orc:1    | Offered knowledge of Poison Arrow by Vehumet.
 50317 | Orc:2    | Bought the amulet "Ampeery" {Spirit rElec rF+ rC+ MR+} for
                  | 954 gold pieces
 50317 | Orc:2    | Bought an uncursed ring of magical power for 300 gold
                  | pieces
 50541 | Elf:1    | Entered Level 1 of the Elven Halls
 50671 | Elf:1    | Found a ruined gateway.
 50714 | Desolati | Entered the Desolation of Salt
 52906 | Elf:1    | Identified the Handbook of Dark Secrets
 52986 | Elf:2    | Found Ashufie's Antique Weapon Emporium.
 53352 | Elf:2    | Reached skill level 15 in Fighting
 53539 | Elf:2    | Reached XP level 19. HP: 155/155 MP: 33/37
 53718 | Elf:2    | Found Vuteg's Antique Weapon Shop.
 54036 | Elf:2    | Found Jyroton's Antique Armour Emporium.
 54103 | Elf:2    | Found a runed translucent gate.
 54103 | Elf:2    | Found a runed translucent gate.
 54103 | Elf:2    | Found a runed translucent gate.
 54290 | Elf:2    | Found Zesoh's Antique Armour Shoppe.
 54577 | Elf:2    | Found Bergh's Armour Emporium.
 55043 | Elf:3    | Entered Level 3 of the Elven Halls
 55191 | Elf:2    | Offered knowledge of Glaciate by Vehumet.
 55191 | Elf:2    | Offered knowledge of Chain Lightning by Vehumet.
 55191 | Elf:2    | Offered knowledge of Tornado by Vehumet.
 55225 | Elf:2    | Learned a level 8 spell: Chain Lightning
 56122 | Elf:3    | Splashed by a deep elf sorcerer's acid

Levels and vault maps discovered:
D:1:      wander_arrival_chamber, layout_basic, minmay_misc_feat_plants,
          feat_on_display
D:2:      layout_basic
D:3:      layout_loops_cross
D:4:      layout_cave_pools, minmay_temple_entry_offerings, first_ration,
          kennysheep_decorative_pillar, uniq_eustachio, uniq_pikel, uniq_ijyb,
          uniq_edmund
D:5:      layout_layer_cave, serial_undead, serial_undead_b, serial_undead_b,
          serial_undead_d, serial_undead_a, uniq_grinder, uniq_sigmund
D:6:      layout_layer_cave, basic_altar, chequers_serial_rivers_micro_c,
          kennysheep_small_square, uniq_duvessa
D:7:      minmay_spotlight, layout_basic, grunt_temple_overflow_open,
          dk_rats_in_the_wall, uniq_harold, uniq_joseph
D:8:      layout_loops_corners, tso_metal_star, led_sif_pool, serial_shops, shop
D:9:      layout_basic, erik_orc_1, the_bakery
D:10:     layout_basic
D:11:     layout_roguey, lair_entry_dummy, hellmonk_ghost_happy_afterlife,
          uniq_erolcha
D:12:     layout_irregular_city, basic_altar, uniq_fannar, uniq_gastronok
D:13:     minmay_clustersquares, layout_irregular_city
D:14:     layout_basic, david_vaults_1, kennysheep_nub, enter_bailey_8
D:15:     gammafunk_enter_depths_forms, layout_basic, lemuel_altar_in_water,
          basic_altar, portal_ice_cave_entry_pillars_1
Temple:   regret_index_temple_generic_petals
Lair:1:   layout_misc_corridors, ebering_ghost_reflecting_pool,
          serial_bayou_pond_d, minivault_11, lemuel_oklob_altar
Lair:2:   layout_regular_city, serial_bayou_shore_b, minmay_lair_oklob_chamber,
          serial_bayou_shore_a
Lair:3:   layout_small_grid, ebering_ghost_xom, grunt_megastairs_2
Lair:4:   layout_misc_corridors, minmay_swamp_entry_wisps,
          guppyfry_snake_entry_garden, roderic_batcave, lemuel_fruit_fields
Lair:5:   layout_regular_city, beast_lair_carwin_2
Lair:6:   minmay_lair_end_frog_pond, layout_regular_city, slime_altar_2,
          minmay_lair_oklob_bushes, serial_bayou_ford_a, minmay_lair_drake_nest
Snake:1:  layout_onion, uniq_aizul
Snake:2:  layout_chambers, serial_shops, nicolae_shop_overgrown_old_shop
Snake:3:  layout_onion_interference
Snake:4:  minmay_snake_end_coiled, layout_basic, serial_bayou_pond_e,
          grunt_megastairs_4
Orc:1:    layout_diamond_mine
Orc:2:    st_orc_pillars, layout_caves, gammafunk_ghost_smash,
          gauntlet_entry_generic, serial_shops, nicolae_shop_stone,
          uniq_jorgrun, uniq_azrael
Elf:1:    eino_elf_arrival_the_gate, layout_onion_city,
          portal_desolation_entry_nicolae_slug, minmay_elf_necromancy
Elf:2:    layout_geoelf_grid, serial_shops, shop, shop, shop, shop,
          nicolae_shop_trees, kb_rosetta
Elf:3:    minmay_elf_hall_furrowed, layout_gridlike, serial_shops, shop,
          st_stairs_14, minivault_16, wad_floor_pattern_2, hex_tiny,
          minmay_the_grid_square_5x5_3x3_mashed
          [minmay_the_grid_square_5x5_inverted_slash,
          minmay_the_grid_square_5x5_checkered_sparse,
          minmay_the_grid_square_5x5_three_walls,
          minmay_the_grid_square_5x5_inner_i,
          minmay_the_grid_square_5x5_megaprize_checkered,
          minmay_the_grid_square_5x5_eight_small,
          minmay_the_grid_square_5x5_one_wall,
          minmay_the_grid_square_5x5_tetrominoes,
          minmay_the_grid_square_5x5_spiral]

Skill      XL: |  1  2  3  4  5  6  7  8  9 10 11 12 13 14 15 16 17 18 19 |
---------------+----------------------------------------------------------+-----
Fighting       | 1 2 3 4 5 6 7 9 10 11 12 13 14 15 | 15.2
Conjurations   | 5 6 7 8 9 10 11 12 13 14 | 14.3
Spellcasting   | 3 4 5 6 7 8 10 11 12 13 14 | 14.3
Summonings     | 1 4 6 |  6.0
Air Magic      | 1 4 6 8 |  8.1
Ice Magic      | 4 6 |  6.0
Shields        | 4 8 10 12 13 14 | 14.4
Charms         | 4 |  4.2
Necromancy     | 4 |  4.2
Dodging        | |  2.0
Stealth        | |  2.0

Action                   |  1- 3 |  4- 6 |  7- 9 | 10-12 | 13-15 | 16-18 | 19-21 || total
-------------------------+-------+-------+-------+-------+-------+-------+-------++-------
Melee: Unarmed           |    14 |       |       |       |       |       |       ||    14
       Spear             |    14 |    33 |       |       |       |       |       ||    47
       War axe           |       |     7 |   115 |   201 |   171 |    95 |     5 ||   594
       Kick              |       |       |       |    33 |     1 |       |       ||    34
 Cast: Magic Dart        |    75 |   119 |    47 |    77 |    14 |     6 |       ||   338
       Iskenderun's Myst |       |    14 |   109 |   277 |   516 |   703 |   106 ||  1725
       Summon Lightning  |       |       |       |    24 |    39 |    17 |       ||    80
       Dazzling Spray    |       |       |       |     1 |       |       |       ||     1
       Sticky Flame      |       |       |       |     4 |     2 |     3 |       ||     9
       Freezing Cloud    |       |       |       |       |    23 |   134 |     8 ||   165
       Regeneration      |       |       |       |       |     6 |     6 |       ||    12
       Conjure Ball Ligh |       |       |       |       |       |     6 |       ||     6
       Iron Shot         |       |       |       |       |       |       |     4 ||     4
Evoke: Wand              |       |       |     5 |    15 |    21 |    17 |     4 ||    62
       Lightning rod     |       |       |       |       |     6 |       |       ||     6
  Use: Potion            |       |     2 |     5 |     3 |     7 |    14 |    11 ||    42
       Scroll            |       |       |     7 |     2 |    29 |     2 |     4 ||    44
 Stab: Sleeping          |       |     1 |       |     1 |     1 |       |       ||     3
       Distracted        |       |       |     1 |     1 |     2 |     2 |       ||     6
       Paralysed         |       |       |       |     4 |    16 |       |       ||    20
  Eat: Chunk             |     3 |    10 |    12 |    41 |    46 |    17 |     5 ||   134
       Ration            |       |     1 |     7 |     5 |     3 |    21 |     1 ||    38
Armor: Robe              |     7 |    10 |    37 |    91 |   140 |    92 |    19 ||   396
       Leather armour    |       |       |    10 |       |       |       |       ||    10
       Skin              |       |       |       |    15 |       |     2 |     5 ||    22
Dodge: Dodged            |    34 |    55 |   172 |   237 |   304 |   139 |    44 ||   985
Block: Other             |       |       |       |       |    10 |       |       ||    10
       Buckler           |       |       |       |       |    81 |       |       ||    81
       Shield            |       |       |       |       |       |   199 |    36 ||   235
